 Dungeon Crawl Stone Soup version 0.32-a0-460-gc8eefc90e7 (webtiles) character file.

Game seed: 5688815360248920190

210 CrazyBamboolord the Firebug (level 5, -1/40 HPs)
             Began as a Mountain Dwarf Fire Elementalist on Feb 24, 2024.
             Was an Initiate of Kikubaaqudgha.
             Slain by a gnoll
             ... wielding a +0 whip
              (7 damage)
             ... on level 4 of the Dungeon.
             The game lasted 00:06:09 (2820 turns).

CrazyBamboolord the Firebug (MDFE)                  Turns: 2820, Time: 00:06:09

Health: -1/40      AC:  5    Str: 11    XL:     5   Next: 57%
Magic:  0/8        EV: 10    Int: 29    God:    Kikubaaqudgha [......]
Gold:   111        SH:  0    Dex: 10    Spells: 6/9 levels left

rFire   + . .        g - staff of fire
rCold   . . .        (no shield)
rNeg    . . .        f - +0 ring mail
rPois   .            (no helmet)
rElec   .            (no cloak)
rCorr   .            (no gloves)
SInv    .            (no boots)
Will    .....        (no amulet)
Stlth   +            i - +6 ring of intelligence
HPRegen 0.26/turn    n - +6 ring of intelligence
MPRegen 0.11/turn

%: no passive effects
@: very slightly contaminated
A: runic magic, artefact enchanting
a: Renounce Religion


You were on level 4 of the Dungeon.
You worshipped Kikubaaqudgha.
Kikubaaqudgha was noncommittal.
You visited 1 branch of the dungeon, and saw 4 of its levels.

You collected 111 gold pieces.

Inventory:

Hand Weapons
 e - a +2 morningstar of protection
Missiles
 k - 2 throwing nets
Armour
 a - a +0 robe
 f - a +0 ring mail (worn)
Magical Staves
 g - a staff of fire (weapon)
Jewellery
 i - a +6 ring of intelligence (left hand)
 n - a +6 ring of intelligence (right hand)
Scrolls
 c - a scroll of blinking {unknown}
 d - a scroll of teleportation {unknown}
 j - 2 scrolls of noise
Potions
 b - 4 potions of magic
 h - 3 potions of curing
 l - a potion of might
 m - a potion of ambrosia {unknown}
 o - a potion of berserk rage {unknown}


   Skills:
 + Level 1.6 Fighting
 + Level 1.3 Staves
 * Level 2.1 Armour
 - Level 1.3 Dodging
 - Level 1.4 Stealth
 * Level 2.6 Spellcasting
 * Level 2.3 Conjurations
 * Level 0.2 Necromancy
 * Level 4.4 Fire Magic
 + Level 1.3 Evocations


You had 6 spell levels left.
You knew the following spells:

 Your Spells              Type           Power      Damage    Failure   Level
a - Foxfire               Conj/Fire      100%       2x1d9     2%          1
b - Scorch                Fire           88%        2d8       2%          2

Your spell library contained the following spells:

 Spells                   Type           Power      Damage    Failure   Level
 Inner Flame              Hex/Fire       25%        N/A       12%         3
 Volatile Blastmotes      Fire/Tloc      50%        2d14      12%         3
 Flame Wave               Conj/Fire      35%        2d10      24%         4
 Fulminant Prism          Conj/Alch      5%         3d7       52%         4
 Iskenderun's Mystic Bla  Conj/Tloc      10%        2d4       52%         4


Dungeon Overview and Level Annotations

Branches:
Dungeon (4/15)
 Temple: D:4-7

Altars:
Kikubaaqudgha
Makhleb


Innate Abilities, Weirdness & Mutations

Your spellcasting is much less encumbered by armour.
You can use scrolls of enchantment on lesser artefacts.


Message History

You hit the ribbon worm.
The ribbon worm is almost dead.
The ribbon worm barely misses you. The gnoll closely misses you.
You hit the ribbon worm. You burn the ribbon worm.
You kill the ribbon worm!
Kikubaaqudgha accepts your kill. The gnoll closely misses you.
The gnoll closely misses you.
The gnoll hits you from afar with a +0 spear.
You see here a ribbon worm corpse.
Casting: Foxfire (safe; 2% risk of failure)
Confirm with . or Enter, or press ? or * to list all spells.
You feel a surge of power!
Flames lash the gnoll.
You kill the gnoll!
Kikubaaqudgha accepts your kill. The gnoll barely misses you.
Unknown command.
Casting: Scorch (safe; 2% risk of failure)
Confirm with . or Enter, or press ? or * to list all spells.
You feel a surge of power!
You miscast Scorch.
You are very lightly contaminated with residual magic.
Nothing appears to happen.
The gnoll hits you with a +0 whip.
The gnoll hits you from afar with a +0 spear.
Unknown command.
Casting: Scorch (safe; 2% risk of failure)
Confirm with . or Enter, or press ? or * to list all spells.
You don't have enough magic to cast this spell.
You hit the gnoll but do no damage. The gnoll hits you with a +0 whip!
The gnoll barely misses you. The gnoll attacks as it pursues you!
The gnoll hits you with a +0 whip!
* * * LOW HITPOINT WARNING * * *
The gnoll attacks as it pursues you!
The gnoll hits you from afar with a +0 spear.
* * * LOW HITPOINT WARNING * * *
Casting: Foxfire (safe; 2% risk of failure)
Press: ? - help, Q - select action, (/) - cycle Dir - look around, f - activate You feel a surge of power!
You conjure some foxfire!
The gnoll hits you with a +0 whip!
You die...
Kikubaaqudgha rasps: You have failed me!
Welcome... death!

###### ###
#....###.#######
#..............#
#.........#..#.#
#...........#..# #####
#..........#...#
......##.v.......#..#.###
......gg@v......#.....#..
......####.#.#.#.......#
..... #..........).##
.... ##.#..#.......## ...
##.#........... ..
##..#......... .
##...........
###.#....... ####......


You could see 2 gnolls.

Vanquished Creatures
  A bombardier beetle (D:3)
  Jessica (D:2)
  5 gnolls
  3 adders
  2 ribbon worms
  2 dart slugs
  2 orcs (D:3)
  7 ball pythons
  5 endoplasms
  A giant cockroach (D:3)
  5 goblins
  3 hobgoblins
  8 jackals
  3 quokkas
  8 bats
  3 frilled lizards
  9 kobolds
  4 rats
72 creatures vanquished.

Vanquished Creatures (others)
  A human (D:3)
  145 foxfires
146 creatures vanquished.

Grand Total: 218 creatures vanquished

Notes
Turn   | Place    | Note
-------+----------+-------------------------------------------
     0 | D:1      | CrazyBamboolord the Mountain Dwarf Fire Elementalist began
                  | the quest for the Orb.
     0 | D:1      | Reached XP level 1. HP: 14/14 MP: 3/3
   263 | D:1      | Reached skill level 1 in Conjurations
   506 | D:1      | Reached XP level 2. HP: 22/22 MP: 1/5
  1222 | D:2      | Reached XP level 3. HP: 21/27 MP: 2/6
  1225 | D:2      | Learned a level 2 spell: Scorch
  1340 | D:2      | Found a burning altar of Makhleb.
  1435 | D:2      | Noticed Jessica
  1437 | D:2      | Reached skill level 1 in Armour
  1440 | D:2      | Killed Jessica
  1441 | D:2      | Reached skill level 1 in Fighting
  1704 | D:2      | Reached skill level 4 in Fire Magic
  1704 | D:2      | Reached XP level 4. HP: 27/35 MP: 5/7
  1884 | D:3      | Reached skill level 1 in Staves
  1894 | D:3      | Reached skill level 1 in Evocations
  2160 | D:3      | Reached XP level 5. HP: 37/39 MP: 0/8
  2622 | D:3      | Found an ancient bone altar of Kikubaaqudgha.
  2642 | D:3      | Noticed a human
  2643 | D:3      | Killed a human
  2645 | D:3      | Became a worshipper of Kikubaaqudgha
  2820 | D:4      | Slain by a gnoll

Illustrated notes

Levels and vault maps discovered:
D:1:      minmay_arrival_nine_rooms, layout_basic
D:2:      layout_rooms, basic_altar, serial_bayou_lagoon_a, minmay_crystal_room,
          uniq_jessica
D:3:      layout_rooms, tgw_kikubaaqudgha
D:4:      layout_basic, zin_treasury, serial_curves, eino_curves_01,
          eino_curves_02, kennysheep_pointless_box, hangedman_decor_opposing

Skill      XL: |  1  2  3  4 |
---------------+-------------+-----
Conjurations   | 1 2 |  2.3
Spellcasting   | 2 |  2.6
Armour         | 1 2 |  2.1
Fighting       | 1 |  1.6
Fire Magic     | 4 |  4.4
Staves         | 1 |  1.3
Evocations     | 1 |  1.3
Dodging        | |  1.3
Stealth        | |  1.4
Necromancy     | |  0.2

Action                     |  1- 3 |  4- 6 || total
---------------------------+-------+-------++-------
  Melee: Staff             |    34 |    51 ||    85
         Unarmed           |     9 |       ||     9
   Cast: Foxfire           |    42 |    42 ||    84
         Scorch            |       |     8 ||     8
    Use: Potion            |       |     2 ||     2
         Scroll            |       |     2 ||     2
 Armour: Ring mail         |    51 |    54 ||   105
  Dodge: Dodged            |    35 |    52 ||    87

Table legend: (Time is in decaauts)
 A = Elapsed time spent in this place.
 B = Non-inter-level travel time spent in this place.
 C = Inter-level travel time spent in this place.
 D = Time resting spent in this place.
 E = Time spent auto-exploring this place.
 F = Levels seen in this place.
 G = Mean time per level.
                   A        B        C        D        E       F      G
               +--------+--------+--------+--------+--------+-----+--------+
         Total |   2845 |   2697 |    148 |     22 |   2193 |   4 |  711.2 |
       Dungeon |   2845 |   2697 |    148 |     22 |   2193 |   4 |  711.2 |
               +--------+--------+--------+--------+--------+-----+--------+

Top non-repeatable levels by time:
     D:1: 952 daAuts
     D:2: 901 daAuts
     D:3: 865 daAuts
     D:4: 126 daAuts
